 Dungeon Crawl Stone Soup version 0.32-a0-953-g508020473e (console) character file.

Game seed: 14233364898465228797

203 RBrandon the Apothecary (level 5, -1/38 HPs)
             Began as a Mountain Dwarf Alchemist on Apr 16, 2024.
             Slain by a gnoll
             ... wielding a +0 spear
              (11 damage)
             ... on level 4 of the Dungeon.
             The game lasted 00:15:01 (3212 turns).

RBrandon the Apothecary (Mountain Dwarf Alchemist)  Turns: 3212, Time: 00:15:02

Health: -1/38      AC:  3    Str: 11    XL:     5   Next: 51%
Magic:  1/8        EV: 10    Int: 17    God:
Gold:   177        SH:  0    Dex: 10    Spells: 2/8 levels left

rFire   . . .        i - +1 rapier (freeze)
rCold   . . .        (no shield)
rNeg    . . .        a - +0 robe
rPois   .            j - +0 helmet
rElec   .            (no cloak)
rCorr   .            (no gloves)
SInv    .            (no boots)
Will    .....        (no amulet)
Stlth   ++           (no ring)
HPRegen 0.26/turn    (no ring)
MPRegen 0.11/turn

%: no passive effects
@: no status effects
A: runic magic, artefact enchanting
a: no special abilities


You were on level 4 of the Dungeon.
You visited 1 branch of the dungeon, and saw 4 of its levels.

You collected 177 gold pieces.

Inventory:

Hand Weapons
 c - a +0 whip
 i - a +1 rapier of freezing (weapon)
   (You found it on level 2 of the Dungeon)
Armour
 a - a +0 robe (worn)
 j - a +0 helmet (worn)
Wands
 l - a wand of polymorph (14)
Scrolls
 d - a scroll of silence {unknown}
 e - 2 scrolls of teleportation {unknown}
 g - 2 scrolls of summoning {unknown}
Potions
 b - a potion of magic
 f - a potion of berserk rage {unknown}
 h - a potion of brilliance {unknown}
 k - 2 potions of curing {unknown}


   Skills:
 - Level 1.3 Dodging
 - Level 1.4 Stealth
 - Level 2.4 Spellcasting
 + Level 1.1 Conjurations
 - Level 4.8 Alchemy


You had 2 spell levels left.
You knew the following spells:

 Your Spells              Type           Power      Damage    Failure   Level
a - Sting                 Conj/Alch      48%        1d6       5%          1
b - Mercury Vapours       Alch/Air       20%        N/A       11%         2
c - Mephitic Cloud        Conj/Alch/Air  8%         N/A       24%         3

Your spell library contained the following spells:

 Spells                   Type           Power      Damage    Failure   Level
 Magic Dart               Conj           24%        1d4       12%         1
 Sandblast                Erth           4%         2d4       19%         1
 Blink                    Tloc           4%         N/A       28%         2
 Call Imp                 Summ           4%         N/A       28%         2
 Olgreb's Toxic Radiance  Alch           18%        N/A       26%         4
 Stone Arrow              Conj/Erth      8%         3d7       41%         3
 Passwall                 Erth           2%         N/A       50%         3
 Sticky Flame             Fire/Alch      10%        2d5       56%         4


Dungeon Overview and Level Annotations

Branches:
Dungeon (4/15)
 Temple: D:4-7

Altars:
Ashenzari

Shops:
D:3 (

Annotations:
D:4 Dowan, Duvessa


Innate Abilities, Weirdness & Mutations

Your spellcasting is much less encumbered by armour.
You can use scrolls of enchantment on lesser artefacts.


Message History

Aiming: Mercury Vapours (safe; 11% risk of failure)
Press: ? - help, Dir - move target, f - gnoll, p - gnoll
Aim: a gnoll, wielding a +0 flail and wearing a +0 leather armour (chance to weaken: 100%)
You miscast Mercury Vapours.
You are very lightly contaminated with residual magic.
Nothing appears to happen.
The gnoll hits you with a +0 whip.
Casting: Mercury Vapours (safe; 11% risk of failure)
Confirm with . or Enter, or press ? or * to list all spells.
Aiming: Mercury Vapours (safe; 11% risk of failure)
Press: ? - help, Dir - move target, f/p - gnoll
Aim: a gnoll, wielding a +0 flail and wearing a +0 leather armour (chance to weaken: 100%) Fumes of mercury billow around the gnoll!
The gnoll is poisoned.
The gnoll looks weaker. x2
The gnoll hits you with a +0 flail.
* * * LOW HITPOINT WARNING * * *
A gnoll comes into view.
It is wielding a +0 spear and wearing the +7 plate armour "Peaxept" {Harm *Corrode rElec}.
The gnoll barely misses you.
You kill the gnoll!
Your Conjurations skill increases to level 1!
Okay, then.
Unknown command.
You closely miss the gnoll.
The gnoll is moderately wounded.
A gnoll comes into view. It is wielding a +0 club.
The gnoll hits you with a +0 flail.
* * * LOW HITPOINT WARNING * * *
You barely miss the gnoll.
The gnoll is moderately wounded.
The gnoll shouts! x2
The gnoll barely misses you. The gnoll attacks as it pursues you!
The gnoll hits you from afar with a +0 spear.
* * * LOW HITPOINT WARNING * * *
Your magical contamination has completely faded away.
The gnoll attacks as it pursues you! The gnoll barely misses you.
The gnoll attacks as it pursues you! The gnoll hits you with a +0 flail.
* * * LOW HITPOINT WARNING * * *
There is a stone staircase leading up here.
The gnoll hits you from afar with a +0 spear!
You die...

#.>.# #....
## #...## .
#....##.#
#....#.#
#.♣....####
##..$...?..#
#...g#####.#
##.!g##
#.g..#
#.@.## #..=#
#####


You could see 3 gnolls.

Vanquished Creatures
  A bombardier beetle (D:3)
  A hound (D:4)
  Robin (D:2)
  A gnoll (D:4)
  2 adders (D:3)
  2 dart slugs (D:1)
  A ribbon worm (D:2)
  4 orcs
  8 ball pythons
  4 endoplasms
  5 giant cockroaches
  11 goblins
  12 hobgoblins
  11 jackals
  2 quokkas
  5 bats
  3 frilled lizards
  5 kobolds
  5 rats
84 creatures vanquished.

Notes
Turn   | Place    | Note
-------+----------+-------------------------------------------
     0 | D:1      | RBrandon the Mountain Dwarf Alchemist began the quest for
                  | the Orb.
     0 | D:1      | Reached XP level 1. HP: 14/14 MP: 3/3
   202 | D:1      | Reached XP level 2. HP: 17/20 MP: 3/5
   582 | D:1      | Reached skill level 3 in Alchemy
   590 | D:1      | Reached XP level 3. HP: 13/26 MP: 1/6
   870 | D:1      | Learned a level 2 spell: Mercury Vapours
   874 | D:1      | Learned a level 3 spell: Mephitic Cloud
  1228 | D:2      | Found a faded altar of an unknown god.
  1544 | D:2      | Noticed Robin
  1589 | D:2      | Reached XP level 4. HP: 29/33 MP: 7/7
  1649 | D:2      | Killed Robin
  2009 | D:3      | Reached skill level 4 in Alchemy
  2325 | D:3      | Reached XP level 5. HP: 33/38 MP: 5/8
  2629 | D:3      | Found Dakhagus's Antique Weapon Shoppe.
  2741 | D:3      | Found a broken altar of Ashenzari.
  3109 | D:4      | Noticed Duvessa
  3127 | D:4      | Noticed Dowan
  3205 | D:4      | Identified the +7 plate armour "Peaxept" {Harm *Corrode
                  | rElec}
  3207 | D:4      | Reached skill level 1 in Conjurations
  3212 | D:4      | Slain by a gnoll

Illustrated notes

Levels and vault maps discovered:
D:1:      dreamdust_arrival_beginning_and_end, layout_basic, minmay_tetromino_t2
D:2:      layout_loops_cross, ebering_ecumenical_altar_box, dk_noncrumbling_3,
          uniq_robin
D:3:      layout_loops_ring, nicolae_ashenzari_skybound, serial_shops, shop,
          minmay_misc_feat_plants
D:4:      layout_loops_cross, mainiacjoe_overflow_brackets, grunt_ministairs_12,
          st_stairs_11, uniq_eustachio, uniq_natasha, uniq_duvessa, uniq_edmund

Skill      XL: |  1  2  3  4  5 |
---------------+----------------+-----
Spellcasting   | 2 |  2.4
Alchemy        | 3 4 |  4.8
Conjurations   | 1 |  1.1
Dodging        | |  1.3
Stealth        | |  1.4

Action                     |  1- 3 |  4- 6 || total
---------------------------+-------+-------++-------
  Melee: Unarmed           |    24 |       ||    24
         Whip              |    33 |       ||    33
         Rapier            |    22 |    98 ||   120
   Cast: Sting             |    61 |    21 ||    82
         Mercury Vapours   |     1 |     3 ||     4
   Stab: Distracted        |       |     1 ||     1
 Armour: Robe              |    88 |    73 ||   161
  Dodge: Dodged            |    78 |    69 ||   147

Table legend: (Time is in decaauts)
 A = Elapsed time spent in this place.
 B = Non-inter-level travel time spent in this place.
 C = Inter-level travel time spent in this place.
 D = Time resting spent in this place.
 E = Time spent auto-exploring this place.
 F = Levels seen in this place.
 G = Mean time per level.
                   A        B        C        D        E       F      G
               +--------+--------+--------+--------+--------+-----+--------+
         Total |   3237 |   3116 |    121 |    362 |   2091 |   4 |  809.2 |
       Dungeon |   3237 |   3116 |    121 |    362 |   2091 |   4 |  809.2 |
               +--------+--------+--------+--------+--------+-----+--------+

Top non-repeatable levels by time:
     D:3: 1057 daAuts
     D:1: 1023 daAuts
     D:2: 960 daAuts
     D:4: 196 daAuts

Levels and vault maps discovered:
D:1:      dreamdust_arrival_beginning_and_end, layout_basic, minmay_tetromino_t2
D:2:      layout_loops_cross, ebering_ecumenical_altar_box, dk_noncrumbling_3,
          uniq_robin
D:3:      layout_loops_ring, nicolae_ashenzari_skybound, serial_shops, shop,
          minmay_misc_feat_plants
D:4:      layout_loops_cross, mainiacjoe_overflow_brackets, grunt_ministairs_12,
          st_stairs_11, uniq_eustachio, uniq_natasha, uniq_duvessa, uniq_edmund

Table legend: (Time is in decaauts)
 A = Elapsed time spent in this place.
 B = Non-inter-level travel time spent in this place.
 C = Inter-level travel time spent in this place.
 D = Time resting spent in this place.
 E = Time spent auto-exploring this place.
 F = Levels seen in this place.
 G = Mean time per level.
                   A        B        C        D        E       F      G
               +--------+--------+--------+--------+--------+-----+--------+
         Total |   3237 |   3116 |    121 |    362 |   2091 |   4 |  809.2 |
       Dungeon |   3237 |   3116 |    121 |    362 |   2091 |   4 |  809.2 |
               +--------+--------+--------+--------+--------+-----+--------+

Top non-repeatable levels by time:
     D:3: 1057 daAuts
     D:1: 1023 daAuts
     D:2: 960 daAuts
     D:4: 196 daAuts

Table legend:
 A = Kills in this place as a percentage of kills in the entire game.
 B = Kills by you in this place as a percentage of kills by you in the entire game.
 C = Kills by friends in this place as a percentage of kills by friends in the entire game.
 D = Other kills in this place as a percentage of other kills in the entire game.
 E = Experience gained in this place as a percentage of experience gained in the entire game.
 F = Experience gained in this place divided by the number of levels of this place that you have seen.
                   A       B       C       D       E      F
               +-------+-------+-------+-------+-------+----------------------
         Total | 100.0 | 100.0 |   N/A |   N/A | 100.0 |  72.8
       Dungeon | 100.0 | 100.0 |   N/A |   N/A | 100.0 |  72.8
               +-------+-------+-------+-------+-------+----------------------
